 Seeded DCSS version 0.30.1-9-gdf580d7c3d (webtiles) character file.

Game seed: 18254337500924086558 (custom seed)

2 Psyclone the Conjurer (level 1, 10/10 HPs)
             Began as a Deep Elf Conjurer on Oct 22, 2023.
             Quit the game on level 1 of the Dungeon.
             The game lasted 00:00:14 (105 turns).

Psyclone the Conjurer (Deep Elf Conjurer)            Turns: 105, Time: 00:00:15

Health: 10/10      AC:  4    Str:  3    XL:     1   Next: 25%
Magic:  6/6        EV: 13    Int: 21    God:
Gold:   0          SH:  0    Dex: 17    Spells: 5/6 levels left

rFire   . . .        (no weapon)
rCold   . . .        (no shield)
rNeg    . . .        a - +0 robe
rPois   .            c - +1 helmet
rElec   .            (no cloak)
rCorr   .            (no gloves)
SInv    .            (no boots)
Will    .....        (no amulet)
Stlth   ++           (no ring)
HPRegen 1.01/turn    (no ring)
MPRegen 0.10/turn

%: clarity
@: no status effects
A: agile 1, clarity, regeneration 1, wild magic 1
a: no special abilities


You were on level 1 of the Dungeon.
You visited 1 branch of the dungeon, and saw 1 of its levels.

Inventory:

Armour
 a - a +0 robe (worn)
 c - a +1 helmet (worn)
Potions
 b - a potion of magic


   Skills:
 - Level 2.4 Dodging
 - Level 2.4 Stealth
 + Level 3.1 Spellcasting
 + Level 4.4 Conjurations


You had 5 spell levels left.
You knew the following spells:

 Your Spells              Type           Power      Damage    Failure   Level
a - Magic Dart            Conj           100%       1d8       4%          1

Your spell library contained the following spells:

 Spells                   Type           Power      Damage    Failure   Level
 Searing Ray              Conj           56%        2d6       5%          2
 Dazzling Flash           Conj/Hex       32%        N/A       22%         3
 Fulminant Prism          Conj/Hex       8%         3d7       54%         4
 Iskenderun's Mystic Bla  Conj/Tloc      16%        2d5       54%         4


Dungeon Overview and Level Annotations

Branches:
Dungeon (1/15) Zot: 5895

Altars:


Innate Abilities, Weirdness & Mutations

You are agile. (Dex +4, Str/Int -1)
You possess an exceptional clarity of mind.
Your natural rate of healing is unusually fast.
Your spells are a little harder to cast, but a little more powerful.


Message History

A ball python comes into view.
Found 6 atropa-tipped darts.
Casting: Magic Dart (safe; 1% risk of failure)
Confirm with . or Enter, or press ? or * to list all spells.
Aiming: Magic Dart (safe; 1% risk of failure)
Press: ? - help, Shift-Dir - straight line, f - ball python
Aim: a ball python (asleep, 100% to hit)
The magic dart hits the ball python.
You kill the ball python!
You now have 5/6 mp.
Found a dagger.
You see here a +0 dagger.
MP restored: 6
Found a shiny helmet.
Found 8 gold pieces.
You see here a +1 helmet.
c - a +1 helmet You start putting on your armour.
You continue putting on your +1 helmet. x4
You finish putting on your +1 helmet.
A frilled lizard comes into view.
Casting: Magic Dart (safe; 1% risk of failure)
Confirm with . or Enter, or press ? or * to list all spells.
Aiming: Magic Dart (safe; 1% risk of failure)
Press: ? - help, Shift-Dir - straight line, f - frilled lizard
Aim: a frilled lizard (asleep, 100% to hit)
The magic dart hits the frilled lizard.
You kill the frilled lizard!
You now have 5/6 mp.
You see here a frilled lizard corpse.
Found a whip.
Found a golden potion.
You see here a +0 whip.
d - a golden potion MP restored: 6 It was a potion of mutation.
You feel extremely strange.
You feel less in control of your magic.
You begin to heal more quickly.
Your thoughts seem clearer.
You feel agile.
Unknown command.
Unknown command.
Are you sure you want to abandon this character and quit the game? (Confirm with "yes".)

$.......#
######..# #.#
#.## #.# #.#
#.# #.# #.#
#.# #.# #.#
#.# #.# #.#
#.### #@#
#...# #.#
#.#.# #.#
...#.# #)#
#####.# #.#
#.# #.# #†#
#.#
######.###.#
............#


There were no monsters in sight!

Vanquished Creatures
  A ball python (D:1)
  A frilled lizard (D:1)
2 creatures vanquished.

Notes
Turn   | Place    | Note
-------+----------+-------------------------------------------
     0 | D:1      | Psyclone the Deep Elf Conjurer began the quest for the Orb.
     0 | D:1      | Reached XP level 1. HP: 10/10 MP: 6/6
   104 | D:1      | Gained mutation: Your spells are a little harder to cast,
                  | but a little more powerful. [potion of mutation]
   104 | D:1      | Gained mutation: Your natural rate of healing is unusually
                  | fast. [potion of mutation]
   104 | D:1      | Gained mutation: You possess an exceptional clarity of
                  | mind. [potion of mutation]
   104 | D:1      | Gained mutation: You are agile. (Dex +4, Str/Int -1)
                  | [potion of mutation]
   105 | D:1      | Quit the game

Illustrated notes

Levels and vault maps discovered:
D:1:      evilmike_arrival_rings, layout_loops_ring,
          hellmonk_ecumenical_altar_pennies_from_heaven

Action                     || total
---------------------------++-------
   Cast: Magic Dart        ||     2
    Use: Potion            ||     1
